 Dungeon Crawl Stone Soup version 0.27-a0-828-g8289197e94 (webtiles) character file.

Game seed: 7645162894144653385

13530 robertstho the Thaumaturge (level 12, -4/85 HPs)
             Began as a Djinni Fire Elementalist on Mar 30, 2021.
             Was an Initiate of Gozag.
             Shot with an arrow by a centaur warrior (18 damage)
             ... on level 13 of the Dungeon.
             The game lasted 00:26:32 (16023 turns).

robertstho the Thaumaturge (DjFE)                  Turns: 16023, Time: 00:26:34

Health: -4/85      AC:  4    Str:  7    XL:     12   Next: 7%
Gold:   2875       EV: 14    Int: 21    God:    Gozag SH:  5 Dex: 15

rFire    + + +     SeeInvis .   C - +5 demon blade "Ultimatum" {vamp, rC++}
rCold    . . .     Faith    .   (no shield)
rNeg     . . .     Spirit   .   n - +1 robe {Archmagi}
rPois    ∞         Reflect  +   G - +1 hat
rElec    .         Harm     .   (no cloak)
rCorr    +         Rampage  .   (no gloves)
Will     +....                  (boots unavailable)
Stlth    +++.......             z - amulet of reflection
HPRegen  0.24/turn              a - ring of resist corrosion
MPRegen  0.00/turn              p - ring of fire

@: gold aura, flying
A: fire resistance 2, cold vulnerability 1, float, innate caster, hp casting,
extra vitality 1
a: Renounce Religion, Potion Petition, Call Merchant, Bribe Branch


You were on level 13 of the Dungeon.
You worshipped Gozag.
Gozag was most pleased with you.
You visited 2 branches of the dungeon, and saw 14 of its levels.
You also visited: Bailey.

You collected 3064 gold pieces.
You spent 175 gold pieces at shops.
You paid 14 gold pieces to Gozag.

Inventory:

Hand Weapons
 f - a +1 hand axe of venom
 k - a +1 trident of venom
 C - the +5 demon blade "Ultimatum" (weapon) {vamp, rC++}
   (You found it on level 5 of the Dungeon)

   It inflicts no extra harm, but heals its wielder when it wounds a living foe.
   It greatly protects you from cold.
Armour
 n - a +1 robe of the Archmagi (worn)
 G - a +1 hat (worn)
Jewellery
 a - a ring of resist corrosion (left hand)
 p - a ring of fire (right hand)
 s - a ring of ice
 z - an amulet of reflection (around neck)
 A - a +6 ring of dexterity
Wands
 h - a wand of acid (15)
 B - a wand of charming (11)
 D - a wand of digging (6)
 F - a wand of iceblast (8)
 H - a wand of random effects (20)
Scrolls
 j - 2 scrolls of fog {unknown}
 l - a scroll of holy word
 m - a scroll of teleportation
 q - a scroll of summoning {unknown}
 r - 4 scrolls of magic mapping
 t - a scroll of acquirement {unknown}
 u - a scroll of blinking {unknown}
 v - 5 scrolls of amnesia {unknown}
 w - a scroll of fear {unknown}
 y - a scroll of immolation {unknown}
Potions
 b - a potion of lignification
 c - 3 potions of heal wounds
 d - 4 potions of haste
 e - 2 potions of curing {unknown}
 g - 4 potions of attraction {unknown}
 o - a potion of flight {unknown}
 x - 2 potions of resistance
 I - 2 potions of might {unknown}
Miscellaneous
 i - a phantom mirror
 E - a tin of tremorstones (2/2)


   Skills:
 * Level 7.1 Fighting
 + Level 0.5 Long Blades
 + Level 4.0 Polearms
 + Level 5.5 Dodging
 + Level 4.6 Stealth
 + Level 0.2 Shields
 * Level 13.0 Spellcasting
 + Level 0.2 Evocations


You had 7 spell levels left.
You knew the following spells:

 Your Spells              Type           Power      Damage    Failure   Level
a - Foxfire               Conj/Fire      100%       2x1d9     1%          1
b - Conjure Flame         Conj/Fire      100%       6-21      1%          3
c - Inner Flame           Hex/Fire       100%       N/A       1%          3
d - Sticky Flame          Conj/Fire      100%       2d11      1%          4
e - Fireball              Conj/Fire      50%        3d20      1%          5
f - Shock                 Conj/Air       100%       1d9       1%          1
g - Searing Ray           Conj           100%       3d7       1%          2
h - Gell's Gravitas       Tloc           40%        N/A       1%          3
i - Summon Guardian Gole  Hex/Summ       80%        N/A       1%          3
j - Summon Mana Viper     Hex/Summ       80%        N/A       1%          5
Your spell library was empty.

Dungeon Overview and Level Annotations

Branches:
Dungeon (14/15)            Temple (1/1) D:7            Lair (0/6) D:10
    Orc (0/2) D:11         Vaults (0/5) D:13         Bailey (visited)

Altars:
Ashenzari
Cheibriados
Dithmenos
Fedhas
Gozag
Kikubaaqudgha
Makhleb
Nemelex Xobeh
Okawaru
Trog
Uskayaw
Vehumet
Wu Jian
Xom
Yredelemnul
Zin
Beogh

Shops:
D:9 *

Annotations:
D:5 Need digging for demon blade


Innate Abilities, Weirdness & Mutations

You are immune to poison.
Your flesh is very heat resistant. (rF++)
You are vulnerable to cold. (rC-)
You float through the air rather than walking.
You learn spells naturally, not from books.
Your magical power is your life essence.
You have superior vitality. (+4 HP)


Message History

You feel a surge of power!
Gravity reorients around the basilisk.
The human collides with the basilisk!
The human collides with the human! x2
The human collides with you! x2; The human collides with the basilisk! x2
The human collides with the human!
The human collides with the basilisk!
You kill the basilisk!
The human collides with the human!
The human is no longer distracted by gold.
The human collides with the human!
Your surroundings suddenly seem different.
A troll comes into view.
Your Spellcasting skill increases to level 13!
Found six items.
A boulder beetle comes into view.
Unknown command.
Casting: Gell's Gravitas (safe; 1% risk of failure)
Confirm with . or Enter, or press ? or * to list all spells.
Aiming: Fireball (dangerous; 1% risk of failure)
Press: ? - help, Shift-Dir - straight line, f - troll
Aim: a troll You feel a strong surge of power!
The fireball explodes!
The fireball engulfs the troll!
The troll is moderately wounded.
You hear a shout! x2
A centaur warrior comes into view.
The boulder beetle leaps!
Casting: Fireball (dangerous; 1% risk of failure)
Confirm with . or Enter, or press ? or * to list all spells.
Aiming: Fireball (dangerous; 1% risk of failure)
Press: ? - help, Shift-Dir - straight line, f/p - troll
Aim: a troll (moderately wounded)
You feel a strong surge of power!
The fireball explodes!
The fireball engulfs the troll!
The troll is heavily wounded.
The centaur warrior wields a +0 longbow.
The centaur warrior shoots an arrow.
The arrow hits you!!
* * * LOW HITPOINT WARNING * * *
A cyclops comes into view.
The centaur warrior shoots an arrow.
The arrow hits you!!
You die...
Your body crumbles into a pile of gold.

## ## #
[#++#).#
#C#....#B#
#.@....#
+......+
+......+
#T.....#
(#....#c#
#.(#++#? #
### ##


You could see a boulder beetle, a centaur warrior, a cyclops and a troll.

Vanquished Creatures
  Gastronok (D:11)
  A hydra (D:14)
  A centaur warrior (D:14)
  3 two-headed ogres
  Nergalle (D:10)
  An orc knight (Bailey)
  Maurice (D:10)
  A kobold demonologist (D:10)
  A troll (D:9)
  A troll (shapeshifter) (D:14)
  A shadow (D:10)
  2 wyverns
  A wraith (D:10)
  5 yaks (D:9)
  Sigmund (D:3)
  Eustachio (D:5)
  A basilisk (D:13)
  3 steam dragons
  An acid dragon (D:9)
  2 water moccasins
  An ice beast (D:7)
  7 orc warriors
  2 black bears (D:6)
  4 necrophages (D:7)
  An ogre (D:6)
  2 phantoms
  2 centaurs
  2 kobold brigands (D:7)
  A bullfrog (D:9)
  A wyvern zombie (D:7)
  4 gnoll sergeants
  6 killer bees (D:6)
  6 wights
  4 howler monkeys
  2 centaur zombies
  5 jellies
  5 orc priests
  3 centaur skeletons
  6 hounds
  Jessica (D:2)
  Terence (D:3)
  3 iguanas
  8 orc wizards
  Natasha (thrice) (D:3)
  A scorpion zombie (D:3)
  2 killer bee zombies (D:7)
  A hound zombie (D:5)
  3 howler monkey zombies
  12 gnolls
  4 adders
  A white imp (D:4)
  2 adder zombies (D:3)
  3 worms (D:4)
  4 dart slugs
  41 orcs
  7 ball pythons
  5 endoplasms
  6 giant cockroaches
  12 goblins
  6 hobgoblins
  19 jackals
  22 kobolds
  8 quokkas
  7 bats
  5 frilled lizards (D:1)
  10 rats
  11 bushes (D:7)
302 creatures vanquished.

Vanquished Creatures (others)
  493 foxfires
  12 plants (D:7)
  A withered plant (D:10)
506 creatures vanquished.

Grand Total: 808 creatures vanquished

Notes
Turn   | Place    | Note
-------+----------+-------------------------------------------
     0 | D:1      | robertstho the Djinni Fire Elementalist began the quest for
                  | the Orb.
     0 | D:1      | Reached XP level 1. HP: 15/15 MP: 0/0
    53 | D:1      | Reached skill level 3 in Spellcasting
    57 | D:1      | Reached XP level 2. HP: 8/21 MP: 0/0
   898 | D:1      | Reached XP level 3. HP: 8/26 MP: 0/0
   898 | D:1      | Learned a level 1 spell: Shock
  2175 | D:2      | Noticed Jessica
  2181 | D:2      | Killed Jessica
  2182 | D:2      | Reached skill level 1 in Fighting
  2182 | D:2      | Reached XP level 4. HP: 29/32 MP: 0/0
  2397 | D:2      | Found an ornate altar of the Wu Jian Council.
  2603 | D:2      | Found an opulent altar of Gozag.
  2623 | D:2      | Became a worshipper of Gozag Ym Sagoz the Greedy
  2788 | D:2      | Reached skill level 4 in Spellcasting
  3188 | D:3      | Reached XP level 5. HP: 19/37 MP: 0/0
  3188 | D:3      | Learned a level 2 spell: Searing Ray
  3416 | D:3      | Noticed Sigmund
  3424 | D:3      | Killed Sigmund
  3425 | D:3      | Reached skill level 5 in Spellcasting
  3425 | D:3      | Reached XP level 6. HP: 31/43 MP: 0/0
  3541 | D:3      | Found a broken altar of Ashenzari.
  3585 | D:3      | Noticed Natasha
  3591 | D:3      | Killed Natasha
  3594 | D:3      | Noticed Natasha
  3597 | D:3      | Killed Natasha
  3647 | D:3      | Noticed Natasha
  3651 | D:3      | Killed Natasha
  3778 | D:3      | Found a basalt altar of Yredelemnul.
  3778 | D:3      | Noticed Terence
  3793 | D:3      | Killed Terence
  3820 | D:3      | Reached XP level 7. HP: 9/49 MP: 0/0
  3820 | D:3      | Learned a level 3 spell: Gell's Gravitas
  4114 | D:3      | Found a snail-covered altar of Cheibriados.
  4114 | D:3      | Found a faded altar of an unknown god.
  4121 | D:3      | Found a shadowy altar of Dithmenos.
  4123 | D:3      | Found a burning altar of Makhleb.
  4125 | D:3      | Found a faded altar of an unknown god.
  4509 | D:4      | Reached skill level 6 in Spellcasting
  4682 | D:4      | Noticed a moth of wrath
  4684 | D:4      | Found a bloodstained altar of Trog.
  5558 | D:5      | Entered Level 5 of the Dungeon
  5642 | D:5      | Reached XP level 8. HP: 43/55 MP: 0/0
  5938 | D:5      | Noticed Eustachio
  5954 | D:5      | Killed Eustachio
  5955 | D:5      | Reached skill level 1 in Polearms
  5955 | D:5      | Reached skill level 7 in Spellcasting
  7261 | D:6      | Reached skill level 8 in Spellcasting
  7308 | D:6      | Reached XP level 9. HP: 35/62 MP: 0/0
  7308 | D:6      | Learned a level 3 spell: Summon Guardian Golem
  7728 | D:6      | HP: 1/62 [killer bee (8)]
  9083 | D:7      | Reached skill level 9 in Spellcasting
  9083 | D:7      | HP: 1/64 [wight/+4 long sword (12)]
  9892 | D:7      | Found a staircase to the Ecumenical Temple.
  9904 | D:7      | Reached skill level 5 in Fighting
  9927 | Temple   | Entered the Ecumenical Temple
 10209 | D:7      | Found a blossoming altar of Fedhas.
 10441 | D:7      | Reached XP level 10. HP: 58/70 MP: 0/0
 10783 | D:8      | Noticed a two-headed ogre
 10820 | D:8      | Killed a two-headed ogre
 10821 | D:8      | Reached skill level 10 in Spellcasting
 11102 | D:8      | Found a flagged portal.
 11111 | Bailey   | Entered a bailey
 11306 | Bailey   | Noticed an orc knight
 11312 | Bailey   | Killed an orc knight
 11468 | Bailey   | Found a burning altar of Makhleb.
 11574 | D:8      | Identified the +10 short sword "Demon's Undoing"
                  | {antimagic, Int+3}
 12317 | D:9      | HP: 2/72 [yak (13)]
 12620 | D:9      | Found Kuus Tifuysh's Assorted Antiques.
 12624 | D:9      | Identified the Reference Book on Spatial Changing
 12628 | D:9      | Bought a scroll labelled WASU HUTIK for 25 gold pieces
 12628 | D:9      | Bought a scroll labelled LEPAMAL BAUMAE for 25 gold pieces
 12628 | D:9      | Bought a glowing steel ring for 125 gold pieces
 13057 | D:9      | Reached skill level 5 in Dodging
 13062 | D:9      | Reached skill level 11 in Spellcasting
 13068 | D:9      | Reached XP level 11. HP: 34/76 MP: 0/0
 13068 | D:9      | Learned a level 5 spell: Summon Mana Viper
 14070 | D:5      | Identified the +5 demon blade "Ultimatum" {vamp, rC++}
 14251 | D:10     | Entered Level 10 of the Dungeon
 14251 | D:10     | Found a staircase to the Lair.
 14602 | D:10     | Noticed a two-headed ogre
 14604 | D:10     | Noticed a two-headed ogre
 14607 | D:10     | Killed a two-headed ogre
 14609 | D:10     | Killed a two-headed ogre
 14864 | D:10     | Noticed Maurice
 14868 | D:10     | Killed Maurice
 14910 | D:10     | Found a basalt altar of Yredelemnul.
 14914 | D:10     | Noticed Nergalle
 14928 | D:10     | Killed Nergalle
 14929 | D:10     | Reached skill level 12 in Spellcasting
 15541 | D:11     | Noticed Gastronok
 15552 | D:11     | Killed Gastronok
 15936 | D:11     | Found a staircase to the Orcish Mines.
 15941 | D:11     | You are sucked into a shaft and drop 3 floors!
 15997 | D:14     | Noticed a centaur warrior
 16002 | D:14     | Killed a centaur warrior
 16005 | D:14     | Noticed a five-headed hydra
 16008 | D:14     | Killed a five-headed hydra
 16009 | D:14     | Reached XP level 12. HP: 25/85 MP: 0/0
 16018 | D:13     | Found a gate to the Vaults.
 16018 | D:13     | Noticed a two-headed ogre
 16018 | D:13     | Noticed a centaur warrior
 16022 | D:13     | Reached skill level 13 in Spellcasting
 16022 | D:13     | Noticed a boulder beetle
 16022 | D:13     | Noticed a centaur warrior
 16023 | D:13     | Shot with an arrow by a centaur warrior

Illustrated notes

Levels and vault maps discovered:
D:1:      heliophobic_arrival_glass_houses, layout_basic, minivault_4,
          minmay_octomino_c4
D:2:      layout_basic, nicolae_wu_jian_wuxing_cycle,
          nicolae_gozag_cash_rules_everything_around_me, uniq_jessica
D:3:      layout_rooms, chequers_temple_overflow_minitemple,
          nicolae_yredelemnul_corpse_copse, evilmike_ruin_ashenzari,
          uniq_terence, uniq_natasha, uniq_sigmund
D:4:      layout_rooms, gup_sewer_entry_bubbles, tgw_trog
D:5:      layout_loops_corners, sword_in_stone
D:6:      layout_basic, nrook_uturn
D:7:      layout_basic, fedhas_altar_decomposition,
          minmay_temple_entry_large_hall, minmay_hedge_maze
D:8:      layout_loops_corners, enter_bailey_5, minivault_10,
          minmay_tree_intersection, abandoned_shop, minivault_21,
          serial_bayou_crossing
D:9:      layout_loops_corners, serial_shops, shop, serial_glass,
          glass_columns_a, glass_columns_c
D:10:     layout_small_grid, lair_entry_dummy, special_room [special_room_orc],
          yredelemnul_altar_generic, uniq_nergalle, uniq_maurice
D:11:     layout_roguey, minmay_orc_entry_temple_small, uniq_gastronok,
          uniq_snorg
D:13:     minmay_textured_paths, layout_stronghold, david_vaults_3,
          portal_ice_cave_entry_pillars_2, lightli_fourway_metalbox
D:14:     layout_loops_cross, serial_bayou_shore_b, chequers_mini_garden,
          grunt_ministairs_14
Temple:   eino_narrow_crystal_temple

Skill      XL: |  1  2  3  4  5  6  7  8  9 10 11 12 |
---------------+-------------------------------------+-----
Spellcasting   | 3 4 5 6 8 9 11 12 13 | 13.0
Fighting       | 1 2 4 5 6 7 |  7.1
Stealth        | 2 3 4 |  4.6
Dodging        | 3 4 5 |  5.5
Polearms       | 2 3 4 |  4.0
Long Blades    | |  0.5
Shields        | |  0.2
Evocations     | |  0.2

Action                   |  1- 3 |  4- 6 |  7- 9 | 10-12 || total
-------------------------+-------+-------+-------+-------++-------
Melee: Unarmed           |     1 |       |       |       ||     1
       Trident           |       |       |    80 |    36 ||   116
       Demon blade       |       |       |       |     9 ||     9
 Cast: Foxfire           |    60 |    81 |   119 |    22 ||   282
       Sticky Flame      |       |       |    22 |    12 ||    34
       Conjure Flame     |       |       |     1 |     1 ||     2
       Fireball          |       |       |    19 |    60 ||    79
       Gell's Gravitas   |       |       |    12 |    18 ||    30
       Summon Guardian G |       |       |     1 |       ||     1
Evoke: Wand              |       |       |       |     1 ||     1
  Use: Scroll            |     3 |       |     6 |     7 ||    16
       Potion            |       |       |     4 |     3 ||     7
 Stab: Invisible         |       |       |     1 |       ||     1
       Sleeping          |       |       |     2 |     1 ||     3
       Distracted        |       |       |     1 |       ||     1
Armor: Robe              |    10 |     3 |    29 |    11 ||    53
Dodge: Dodged            |    23 |     9 |   124 |    60 ||   216
Block: Other             |       |       |       |     7 ||     7
       Reflection        |       |       |       |     1 ||     1
       Rpst.: Demon blade |       |       |       |     1 ||     1

Table legend: (Time is in decaauts)
 A = Elapsed time spent in this place.
 B = Non-inter-level travel time spent in this place.
 C = Inter-level travel time spent in this place.
 D = Time resting spent in this place.
 E = Time spent auto-exploring this place.
 F = Levels seen in this place.
 G = Mean time per level.
                   A        B        C        D        E       F      G
               +--------+--------+--------+--------+--------+-----+--------+
         Total |  16052 |  15338 |    714 |   3366 |   9918 |  15 | 1070.1 |
       Dungeon |  15442 |  14728 |    714 |   2986 |   9808 |  13 | 1187.8 |
        Temple |    203 |    203 |      0 |    202 |      0 |   1 |  203.0 |
        Bailey |    405 |    405 |      0 |    178 |    110 |   1 |  405.0 |
               +--------+--------+--------+--------+--------+-----+--------+

Top non-repeatable levels by time:
     D:5: 2171 daAuts
     D:1: 2156 daAuts
     D:9: 1659 daAuts
     D:7: 1458 daAuts
     D:6: 1421 daAuts
     D:8: 1397 daAuts
    D:10: 1290 daAuts
     D:3: 1214 daAuts
     D:4: 1185 daAuts
     D:2: 1004 daAuts
  Bailey: 405 daAuts
    D:11: 402 daAuts
  Temple: 203 daAuts
    D:14: 76 daAuts
    D:13: 4 daAuts
